 Dungeon Crawl Stone Soup version 0.26-a0-771-g060e6a62af (webtiles) character file.

Game seed: 8195042681462654575

215173 mhtbhm the Executioner (level 18, -11/261 HPs)
             Began as a Minotaur Berserker on Nov 8, 2020.
             Was the Champion of Trog.
             Mangled by a tyrant leech (22 damage)
             ... called by a spriggan druid
             ... on level 2 of the Swamp.
             The game lasted 01:14:39 (35089 turns).

mhtbhm the Executioner (Minotaur Berserker)        Turns: 35089, Time: 01:14:39

Health: -11/261    AC: 25    Str: 39    XL:     18   Next: 70%
Magic:  15/15      EV: 12    Int:  4    God:    Trog [******]
Gold:   3242       SH: 28    Dex: 11    Spells: 17/17 levels left

rFire    + . .     SeeInvis .   a - +4 broad axe of Qyubbiko {flame, *Rage rPois MR+++ Dex-2}
rCold    + . .     Faith    .   V - +0 tower shield
rNeg     . . .     Spirit   .   b - +4 chain mail {rF+}
rPois    +         Reflect  +   M - +3 hat of Complete Protection {Rampage}
rElec    +         Harm     .   d - +0 cloak
rCorr    .         Rampage  +   R - +0 pair of gloves
MR       ++++.     Rnd*Rage +   e - +0 pair of boots "Kuloh" {*Drain rPois Regen+ Dex+6}
Stlth    ..........             k - amulet of Carchimnu {Reflect rC+ Str+2 SH+5}
HPRegen  0.93/turn              o - ring of Terra Nullius {*Contam rElec Str+7 Dex-3 Stlth+}
MPRegen  0.14/turn              q - ring of flight

@: berserking, lethally poisoned (-11 -> -21), very quick
A: retaliatory headbutt, horns 2, low mp 1
a: Berserk, Trog's Hand, Brothers in Arms, Renounce Religion, Evoke Flight


You were on level 2 of the Swamp.
You worshipped Trog.
Trog was exalted by your worship.
You visited 5 branches of the dungeon, and saw 26 of its levels.
You also visited: Bailey and Ice Cave.

You collected 4708 gold pieces.
You spent 1466 gold pieces at shops.

Inventory:

Hand Weapons
 a - the +4 broad axe of Qyubbiko (weapon) {flame, *Rage rPois MR+++ Dex-2}
   (Trog gifted it to you in an ice cave)

   It has been specially enchanted to burn those struck by it, causing extra
   injury to most foes and up to half again as much damage against particularly
   susceptible opponents.
   Big, fiery blades are also staple armaments of hydra-hunters.
   It affects your dexterity (-2).
   It protects you from poison.
   It affects your resistance to hostile enchantments.
   It may make you go berserk in combat.
 U - a +5 broad axe
 Y - a +2 vampiric executioner's axe
Missiles
 P - 18 curare-tipped darts (quivered)
Armour
 b - a +4 chain mail of fire resistance (worn)
 d - a +0 cloak (worn)
 e - the +0 pair of boots "Kuloh" (worn) {*Drain rPois Regen+ Dex+6}
   (You found it in an ice cave)

   It affects your dexterity (+6).
   It protects you from poison.
   It increases your rate of regeneration.
   It causes draining when unequipped.
 M - the +3 hat of Complete Protection (worn) {Rampage}
   (You bought it in a shop on level 2 of the Orcish Mines)

   It bestows one free step when moving towards enemies.
 R - a +0 pair of gloves (worn)
 V - a +0 tower shield (worn)
Jewellery
 k - the amulet of Carchimnu (around neck) {Reflect rC+ Str+2 SH+5}
   (You bought it in a shop on level 2 of the Orcish Mines)

   [amulet of reflection]

   It shields you and reflects attacks.
   It affects your strength (+2).
   It protects you from cold.
   It affects your SH (+5).
 n - an uncursed ring of see invisible
 o - the ring of Terra Nullius (left hand) {*Contam rElec Str+7 Dex-3 Stlth+}
   (You bought it in a shop on level 2 of the Orcish Mines)

   [ring of stealth]

   It affects your strength (+7).
   It affects your dexterity (-3).
   It insulates you from electricity.
   It causes magical contamination when unequipped.
   It makes you more stealthy.
 q - a ring of flight (right hand)
 v - an uncursed ring of stealth {unknown}
 A - an uncursed ring of protection from magic
 D - an uncursed ring of resist corrosion
 W - an uncursed ring of positive energy
Wands
 p - a wand of digging (1)
 s - a wand of disintegration (25)
 x - a wand of iceblast (25)
 F - a wand of acid (4)
Scrolls
 c - 5 scrolls of immolation
 g - 7 scrolls of enchant weapon
 h - 17 scrolls of remove curse
 j - 10 scrolls of teleportation
 m - 2 scrolls of identify
 u - 7 scrolls of enchant armour
 w - 7 scrolls of fear
 y - a scroll of brand weapon {unknown}
 C - a scroll of fog
 L - a scroll of blinking
 O - 3 scrolls of magic mapping
 X - a scroll of holy word
Potions
 f - 5 potions of might
 i - a potion of cancellation
 r - 11 potions of curing
 t - 8 potions of flight
 z - 3 potions of resistance
 B - 8 potions of heal wounds
 G - a potion of berserk rage
 H - a potion of magic
 I - 3 potions of mutation
 J - 3 potions of haste
 S - a potion of invisibility {unknown}
 T - 2 potions of attraction {unknown}
 Z - a potion of ambrosia {unknown}
Miscellaneous
 l - a phantom mirror
 E - a tin of tremorstones (1/2)


   Skills:
 + Level 18.8 Fighting
 + Level 21.9 Axes
 + Level 15.8 Armour
 + Level 8.3 Dodging
 - Level 2.5 Stealth
 + Level 15.5 Shields
 + Level 1.7 Evocations


You had 17 spell levels left.
You didn't know any spells.
Your spell library was empty.

Dungeon Overview and Level Annotations

Branches:
Dungeon (13/15)            Temple (0/1) D:5            Lair (6/6) D:10
  Swamp (2/4) Lair:3       Spider (0/4) Lair:3        Slime (0/5) Lair:5
    Orc (2/2) D:11            Elf (3/3) Orc:2        Vaults (0/5) D:13
 Bailey (visited)           IceCv (visited)

Altars:
Ashenzari
Cheibriados
Fedhas
Hepliaklqana
Kikubaaqudgha
Makhleb
Nemelex Xobeh
Okawaru
Sif Muna
Trog
Uskayaw
Wu Jian
Xom
Zin
Beogh

Shops:
D:6 =   D:12 [   Orc:2 [=}(   Elf:1 *   Elf:2 (   Elf:3 *

Annotations:
Swamp:2 Aizul


Innate Abilities, Weirdness & Mutations

You reflexively headbutt those who attack you in melee.
You have a pair of horns on your head.
Your magical capacity is low. (-10% MP)


Message History

You slash the alligator! You burn the alligator.
The goliath frog is engulfed in spectral mist.
You block the goliath frog's attack.
Aizul is engulfed in spectral mist.
Aizul coils herself and waves her upper body at you.
The bolt of poison hits you!
You are more poisoned.
You resist.
* * * LOW HITPOINT WARNING * * *
You block the spriggan rider's attack.
Unknown command.
* * * LOW HITPOINT WARNING * * *
You feel sick.
The alligator is engulfed in spectral mist.
You block the spriggan's attack.
Aizul coils and then uncoils.
You block the alligator's attack.
The alligator tail-slaps you but does no damage.
The tyrant leech is engulfed in spectral mist.
The tyrant leech bites you!!
You die...

≈....≈≈.≈≈≈≈≈≈≈≈..
..≈....≈≈≈≈≈≈≈≈≈≈≈≈
...≈....≈≈≈≈≈.≈≈≈≈≈
♣..[...≈≈≈≈.<.≈≈≈.≈
♣.≈≈○Z≈°≈≈≈≈..≈≈≈≈≈
♣.≈≈≈°○°°Z≈≈≈≈≈≈≈≈≈.♣
≈.≈≈°≈○☼○○≈≈≈≈≈≈≈.....
..≈≈.○t☼FSt≈≈≈≈≈≈≈≈≈≈.♣
.....☼○Ziiw@....≈≈≈≈≈≈♣♣ ♣
...§≈.♣♣.≈≈≈≈...≈≈≈≈.≈≈♣♣♣♣♣
...♣♣♣♣≈<≈≈≈≈≈≈≈≈≈...≈≈≈≈..<
.♣ ♣..≈≈≈≈≈≈§≈≈...≈≈≈≈.♣♣
♣♣.≈≈≈≈≈≈≈≈.≈.≈≈≈≈.♣♣
♣.≈≈≈≈≈≈≈....≈≈≈.♣♣
♣..≈≈≈.≈)....≈≈≈≈≈♣
♣♣............≈≈.♣♣
♣♣.....≈.....≈...≈♣


You could see Aizul, an alligator (strong, swift), a tyrant leech, a spriggan
rider, a ghost crab, a goliath frog, a spectral swamp dragon (summoned), a
spectral spriggan rider (summoned), a spectral eleionoma (summoned) and a
spriggan.

Vanquished Creatures
  Asterion (Elf:1)
  2 deep elf blademasters
  2 deep elf master archers (Elf:3)
  Gastronok (D:12)
  Frances (Elf:1)
  Agnes (Elf:2)
  4 deep elf sorcerers
  A ghost moth (shapeshifter) (Elf:3)
  2 orc warlords (Orc:2)
  A deep elf elementalist (Elf:3)
  4 deep elf demonologists
  11 deep elf annihilators
  Azrael (Elf:2)
  2 bunyips (Swamp:1)
  5 deep elf death magi (Elf:3)
  An eleionoma (Swamp:1)
  Snorg (Lair:5)
  A fire dragon (Lair:6)
  Josephine (Lair:5)
  2 deep elf high priests (Elf:3)
  Fannar (Orc:1)
  7 hydras
  8 two-headed ogres
  24 dancing weapons
  2 centaur warriors (D:13)
  5 alligators
  A goliath frog (shapeshifter) (Elf:1)
  Sonja (D:13)
  3 goliath frogs (Swamp:1)
  5 orc high priests
  11 deep elf knights
  2 unseen horrors
  A spriggan druid (Swamp:2)
  A swamp dragon (Swamp:1)
  A wizard (D:13)
  An orange crystal statue (Elf:1)
  15 deep elf archers
  2 necromancers
  A lindwurm (Lair:6)
  4 orc knights (Orc:2)
  39 deep elf magi
  An ugly thing (D:13)
  2 manticores
  5 orc sorcerers
  A will-o-the-wisp (Swamp:2)
  An oklob plant (Lair:1)
  16 elephants
  A centaur zombie (D:10)
  A guardian serpent (D:12)
  A gargoyle (D:10)
  2 ice statues (IceCv)
  Maggie (D:7)
  A black mamba (Lair:4)
  19 cane toads
  5 torpor snails (Lair:6)
  2 rime drakes
  2 tengu conjurers (D:13)
  2 efreet (D:13)
  10 trolls
  9 komodo dragons
  10 ice devils (IceCv)
  12 polar bears
  A bloated husk (Swamp:1)
  10 hornets
  3 raiju (Lair:6)
  20 blink frogs
  7 tyrant leeches
  5 dream sheep
  Grinder (D:5)
  2 spriggans
  3 air elementals
  8 redbacks (Elf:3)
  A shadow (D:12)
  2 wyverns
  A vampire (D:13)
  5 wraiths
  8 water elementals
  A fire bat (shapeshifter) (Elf:2)
  61 yaks
  A basilisk (Lair:3)
  6 fire elementals
  11 wargs
  4 swamp worms
  An acid dragon (D:12)
  A soldier ant (D:12)
  15 water moccasins
  15 hell hounds
  A black bear (shapeshifter) (Elf:1)
  A swamp drake (Swamp:1)
  46 orc warriors
  8 ice beasts (Lair:1)
  4 necrophages
  An eye of draining (D:13)
  3 sky beasts
  15 black bears
  11 centaurs
  17 ogres
  25 wolves
  2 big kobolds
  13 bullfrogs
  6 earth elementals
  8 killer bees
  4 wights (D:11)
  A howler monkey (D:5)
  A vampire bat (D:9)
  2 bullfrog zombies
  A quasit (D:11)
  2 draconian simulacra (IceCv)
  2 hounds
  4 jellies
  4 bullfrog skeletons
  A gnoll shaman (D:7)
  34 orc priests
  Crazy Yiuf (D:5)
  33 orc wizards
  4 centaur skeletons
  Natasha (thrice) (D:2)
  7 iguanas
  Ijyb (D:5)
  6 worker ants
  A killer bee zombie (D:5)
  3 troll simulacra (IceCv)
  A centaur simulacrum (IceCv)
  A hound skeleton (D:10)
  Robin (D:2)
  21 gnolls
  A howler monkey skeleton (D:4)
  An ogre simulacrum (IceCv)
  13 adders
  3 naga simulacra (IceCv)
  5 shadow imps
  5 white imps
  An ufetubus (D:5)
  An ooze (Lair:5)
  2 adder skeletons
  An adder zombie (D:5)
  2 worms (D:2)
  3 leopard geckos
  129 orcs
  A ball python (D:3)
  2 bat skeletons (D:9)
  2 bat zombies (D:9)
  A giant cockroach (D:1)
  20 goblins
  26 hobgoblins
  9 jackals
  3 quokkas
  3 bats
  11 frilled lizards
  A jackal zombie (D:6)
  23 kobolds
  A quokka skeleton (D:8)
  A quokka zombie (D:9)
  5 rats
  A bush (Lair:1)
  A fungus (Lair:6)
1055 creatures vanquished.

Vanquished Creatures (collateral kills)
  A deep elf demonologist (Elf:3)
1 creature vanquished.

Vanquished Creatures (others)
  A deep elf knight (Elf:2)
  A deep elf archer (Elf:2)
  A bloated husk (Swamp:1)
  A hornet (Swamp:2)
  A fire elemental (Elf:1)
  An orc (Elf:2)
  A kobold (D:12)
  26 fungi
  46 plants
79 creatures vanquished.

Grand Total: 1135 creatures vanquished

Notes
Turn   | Place    | Note
-------+----------+-------------------------------------------
     0 | D:1      | mhtbhm the Minotaur Berserker began the quest for the Orb.
     0 | D:1      | Reached XP level 1. HP: 19/19 MP: 0/0
   274 | D:1      | Reached XP level 2. HP: 26/27 MP: 1/1
   545 | D:1      | Reached skill level 4 in Axes
   755 | D:2      | Noticed Natasha
   765 | D:2      | Killed Natasha
   765 | D:2      | Reached XP level 3. HP: 30/33 MP: 2/2
  1028 | D:2      | Found a faded altar of an unknown god.
  1083 | D:2      | Noticed Robin
  1092 | D:2      | Killed Robin
  1092 | D:2      | Reached XP level 4. HP: 41/41 MP: 3/3
  1096 | D:2      | Reached ** piety under Trog
  1167 | D:2      | Noticed Natasha
  1177 | D:2      | Killed Natasha
  1177 | D:2      | Reached skill level 5 in Axes
  1340 | D:2      | Reached XP level 5. HP: 47/47 MP: 4/4
  1389 | D:2      | Noticed Natasha
  1398 | D:2      | Killed Natasha
  1398 | D:2      | Reached skill level 5 in Fighting
  1930 | D:3      | Found a shimmering blue altar of Sif Muna.
  1986 | D:3      | Found a blossoming altar of Fedhas.
  2197 | D:3      | Found a bloodstained altar of Trog.
  2230 | D:3      | Reached *** piety under Trog
  2243 | D:3      | Reached skill level 6 in Axes
  2246 | D:3      | Reached XP level 6. HP: 45/56 MP: 5/5
  2259 | D:3      | Found a hazy altar of Hepliaklqana.
  2494 | D:3      | Found a hide-covered altar of Uskayaw.
  2495 | D:3      | Found a shimmering altar of Xom.
  2927 | D:4      | Reached skill level 7 in Axes
  3045 | D:5      | Entered Level 5 of the Dungeon
  3056 | D:5      | Reached XP level 7. HP: 59/61 MP: 6/6
  3141 | D:5      | Reached skill level 5 in Armour
  3141 | D:5      | Reached skill level 1 in Shields
  3467 | D:5      | Found a staircase to the Ecumenical Temple.
  3476 | D:5      | Noticed Ijyb
  3479 | D:5      | Noticed Grinder
  3483 | D:5      | Paralysed by Grinder for 5 turns
  3493 | D:5      | Killed Grinder
  3493 | D:5      | Reached skill level 8 in Axes
  3499 | D:5      | Killed Ijyb
  3587 | D:5      | Found a glowing silver altar of Zin.
  3670 | D:5      | Reached XP level 8. HP: 59/70 MP: 7/7
  3750 | D:5      | Found a snail-covered altar of Cheibriados.
  3751 | D:5      | Found a burning altar of Makhleb.
  4132 | D:5      | Found a runed translucent door.
  4133 | D:5      | Noticed Crazy Yiuf
  4140 | D:5      | Killed Crazy Yiuf
  4256 | D:6      | Found an iron altar of Okawaru.
  4278 | D:6      | Reached **** piety under Trog
  4362 | D:6      | Reached skill level 9 in Axes
  4531 | D:6      | Found a sparkling altar of Nemelex Xobeh.
  4617 | D:6      | Found a broken altar of Ashenzari.
  4667 | D:6      | Found Neafuqo's Jewellery Boutique.
  5025 | D:7      | Noticed Maggie
  5041 | D:7      | Killed Maggie
  5513 | D:7      | Reached skill level 10 in Axes
  5513 | D:7      | Reached XP level 9. HP: 75/79 MP: 8/8
  5517 | D:7      | Found a snail-covered altar of Cheibriados.
  5747 | D:7      | Found an ornate altar of the Wu Jian Council.
  7462 | D:9      | Reached skill level 11 in Axes
  7513 | D:9      | Found an ancient bone altar of Kikubaaqudgha.
  7514 | D:9      | Reached ***** piety under Trog
  7735 | D:9      | Noticed a troll
  7737 | D:9      | Reached skill level 1 in Stealth
  7750 | D:9      | Killed a troll
  7750 | D:9      | Reached XP level 10. HP: 87/87 MP: 9/9
  7931 | D:9      | Found a flagged portal.
  7944 | Bailey   | Entered a bailey
  9009 | D:9      | Reached skill level 12 in Axes
  9244 | D:10     | Entered Level 10 of the Dungeon
  9322 | D:10     | Noticed a gargoyle
  9338 | D:10     | Killed a gargoyle
  9408 | D:10     | Reached skill level 5 in Shields
  9617 | D:10     | Reached skill level 10 in Armour
  9851 | D:10     | Found a staircase to the Lair.
 10204 | Lair:1   | Entered Level 1 of the Lair of Beasts
 10510 | Lair:1   | Noticed a cane toad
 10518 | Lair:1   | Killed a cane toad
 10573 | Lair:1   | Noticed an oklob plant
 10583 | Lair:1   | Noticed a cane toad
 10585 | Lair:1   | Found a frozen archway.
 10606 | Lair:1   | Killed a cane toad
 10606 | Lair:1   | Reached skill level 13 in Axes
 10606 | Lair:1   | Reached XP level 11. HP: 78/96 MP: 10/10
 10653 | IceCv    | Entered an ice cave
 10810 | IceCv    | Reached skill level 10 in Fighting
 12413 | IceCv    | Noticed a necromancer
 12420 | IceCv    | Killed a necromancer
 12420 | IceCv    | Received a gift from Trog
 12429 | IceCv    | Got a warped broad axe {god gift}
 12430 | IceCv    | Identified the +4 broad axe of Qyubbiko {flame, *Rage rPois
                  | MR+++ Dex-2} (Trog gifted it to you in an ice cave)
 12435 | IceCv    | Got a pair of pitted boots
 12446 | IceCv    | Identified the cursed +0 pair of boots "Kuloh" {*Drain
                  | rPois Regen+ Dex+6} (You found it in an ice cave)
 12702 | Lair:1   | Reached skill level 14 in Axes
 13021 | Lair:1   | Noticed a seven-headed hydra
 13028 | Lair:1   | Killed a five-headed hydra
 13036 | Lair:1   | Reached skill level 5 in Dodging
 13404 | Lair:1   | Killed an oklob plant
 13461 | Lair:1   | You fall into a shaft and drop 1 floor!
 13611 | Lair:2   | Reached XP level 12. HP: 111/111 MP: 11/11
 13890 | Lair:2   | Noticed a five-headed hydra
 13897 | Lair:2   | Killed a two-headed hydra
 13956 | Lair:2   | Reached skill level 15 in Axes
 14880 | Lair:3   | Found a staircase to the Swamp.
 15008 | Lair:3   | Found a hole to the Spider Nest.
 15652 | Lair:4   | Reached ****** piety under Trog
 15652 | Lair:4   | Reached skill level 16 in Axes
 15889 | Lair:4   | Received a gift from Trog
 16071 | Lair:4   | Reached XP level 13. HP: 118/118 MP: 12/12
 16529 | Lair:5   | Noticed Snorg
 16530 | Lair:5   | Noticed Josephine
 16536 | Lair:5   | Killed Josephine
 16540 | Lair:5   | Killed Snorg
 16550 | Lair:5   | Reached skill level 17 in Axes
 16553 | Lair:5   | Found a staircase to the Slime Pits.
 16575 | Lair:6   | Entered Level 6 of the Lair of Beasts
 17239 | Lair:5   | Received a gift from Trog
 17747 | Lair:6   | Reached skill level 18 in Axes
 18172 | Lair:6   | Reached XP level 14. HP: 131/131 MP: 13/13
 18192 | Lair:6   | Received a gift from Trog
 18211 | Lair:6   | HP: 1/131 [warg (6)]
 18615 | Lair:6   | Found a runed translucent door.
 20070 | D:11     | Reached skill level 19 in Axes
 20608 | D:11     | Found a staircase to the Orcish Mines.
 20820 | Orc:1    | Entered Level 1 of the Orcish Mines
 20825 | Orc:1    | Received a gift from Trog
 20945 | Orc:1    | Identified 2 scrolls of acquirement
 20946 | Orc:1    | Acquired a +2 vampiric executioner's axe
 20950 | Orc:1    | Acquired 681 gold pieces
 21192 | Orc:1    | Noticed Fannar
 21221 | Orc:1    | Killed Fannar
 21715 | Orc:2    | Entered Level 2 of the Orcish Mines
 21718 | Orc:2    | Received a gift from Trog
 21903 | Orc:2    | Found a staircase to the Elven Halls.
 21908 | Elf:1    | Entered Level 1 of the Elven Halls
 22353 | Elf:1    | Reached skill level 15 in Fighting
 22535 | Elf:1    | Found Cebbes's Assorted Antiques.
 22787 | Elf:1    | Noticed Frances
 22811 | Elf:1    | Killed Frances
 22952 | Elf:1    | Noticed Asterion
 22956 | Elf:1    | Received a gift from Trog
 22966 | Elf:1    | Killed Asterion
 22982 | Elf:1    | Reached XP level 15. HP: 41/141 MP: 14/14
 23512 | Elf:1    | Reached skill level 10 in Shields
 24051 | Elf:1    | Reached skill level 20 in Axes
 24344 | Elf:2    | Received a gift from Trog
 24344 | Elf:2    | Reached skill level 1 in Evocations
 24434 | Elf:2    | Noticed a deep elf sorcerer
 24438 | Elf:2    | Killed a deep elf sorcerer
 25273 | Elf:2    | Found a runed translucent gate.
 25273 | Elf:2    | Found a runed translucent gate.
 25273 | Elf:2    | Found a runed translucent gate.
 25330 | Elf:2    | Found Kohestrus's Weapon Emporium.
 26183 | Elf:2    | Noticed Azrael
 26196 | Elf:2    | Killed Azrael
 26404 | Elf:2    | Received a gift from Trog
 26476 | Elf:2    | Noticed Agnes
 26485 | Elf:2    | Killed Agnes
 26634 | Elf:3    | Entered Level 3 of the Elven Halls
 26634 | Elf:3    | Found Qiaprar's Assorted Antiques.
 26652 | Elf:3    | Reached XP level 16. HP: 152/152 MP: 15/15
 26874 | Elf:3    | Noticed a deep elf master archer
 27758 | Elf:3    | Received a gift from Trog
 27913 | Elf:3    | Noticed a deep elf blademaster
 27922 | Elf:3    | Gained mutation: Your magical capacity is low. (-10% MP) [a
                  | neqoxec]
 27929 | Elf:3    | Identified the +7 war axe of the Solstice {vorpal, Dex+3}
 27933 | Elf:3    | Killed a deep elf blademaster
 27933 | Elf:3    | Reached skill level 15 in Armour
 27994 | Elf:3    | Noticed a storm dragon
 27997 | Elf:3    | Identified the ring of the Present {rElec Int+6}
 28005 | Elf:3    | Killed a storm dragon
 28005 | Elf:3    | a ghostly storm dragon changed into a ghostly ghost moth
 28012 | Elf:3    | Reached skill level 21 in Axes
 28238 | Elf:3    | Killed a deep elf master archer
 28276 | Elf:3    | Identified the cursed +1 rapier of Doubt {pain, rF+ rC+
                  | Int+2 Stlth+}
 28282 | Elf:3    | Noticed a deep elf blademaster
 28282 | Elf:3    | Noticed a deep elf master archer
 28325 | Elf:2    | Killed a deep elf blademaster
 28686 | Elf:3    | Killed a deep elf master archer
 29281 | Elf:3    | Received a gift from Trog
 30015 | Orc:2    | Reached XP level 17. HP: 163/163 MP: 14/14
 30038 | Orc:2    | Found a roughly hewn altar of Beogh.
 30191 | Orc:2    | Found Kili's Armour Boutique.
 30232 | Orc:2    | Bought the +3 hat of Complete Protection {Rampage} for 312
                  | gold pieces
 30243 | Orc:2    | Found Nymnet's Jewellery Shop.
 30254 | Orc:2    | Bought the ring of Terra Nullius {*Contam rElec Str+7 Dex-3
                  | Stlth+} for 480 gold pieces
 30254 | Orc:2    | Bought the amulet of Carchimnu {Reflect rC+ Str+2 SH+5} for
                  | 674 gold pieces
 30607 | Orc:2    | Received a gift from Trog
 30623 | Orc:2    | Found a roughly hewn altar of Beogh.
 30731 | Orc:2    | Found Unogo's Gadget Shoppe.
 30832 | Orc:2    | Found Cuapan's Weapon Boutique.
 31228 | Orc:2    | Received a gift from Trog
 31601 | Orc:1    | Reached XP level 18. HP: 173/173 MP: 15/15
 31682 | D:12     | Noticed Gastronok
 31692 | D:12     | Killed Gastronok
 31904 | D:12     | Found Funim's Armour Shop.
 32506 | D:13     | Noticed Sonja
 32512 | D:13     | Killed Sonja
 32609 | D:13     | Found a gate to the Vaults.
 32636 | D:13     | Reached skill level 15 in Shields
 34160 | Swamp:1  | Entered Level 1 of the Swamp
 34654 | Swamp:1  | Received a gift from Trog
 35067 | Swamp:2  | Noticed Aizul
 35088 | Swamp:2  | HP: 13/261 [Aizul/bolt of poison (8)]
 35089 | Swamp:2  | Mangled by a tyrant leech

Illustrated notes

Levels and vault maps discovered:
D:1:      mainiacjoe_arrival_reflecting_pool, layout_loops_ring, minivault_19,
          hangedman_abyss_or_decor_lesser_grid
D:2:      layout_basic, chequers_ecumenical_altar_simple, serial_bayou_pond_b,
          minmay_misc_feat_pillars, hangedman_decor_push, uniq_robin,
          uniq_natasha
D:3:      layout_rooms, gammafunk_temple_overflow_pools, old_standard_altar,
          overflow_temple_1_default, bloody_trog, fedhas_ov_isle_minmay
D:4:      layout_rooms, chequers_serial_rivers_micro_c,
          minmay_misc_feat_more_columns
D:5:      layout_cave_pools, lemuel_crystal_altar,
          gammafunk_temple_overflow_statue, minmay_temple_entry_statues,
          uniq_crazy_yiuf_cottage, uniq_ijyb, uniq_grinder
D:6:      layout_basic, lemuel_round_altar, nemelex_altar_shiori,
          okawaru_altar_gauntlet_db, serial_shops, shop
D:7:      layout_basic, lemuel_crystal_altar, nicolae_sextant,
          cheibriados_altar_1, uniq_maggie
D:8:      layout_basic
D:9:      layout_basic, kennysheep_vampire_church, enter_bailey_7, minivault_22
D:10:     layout_long_grid, lair_entry_dummy, minmay_statues_item
D:11:     layout_long_grid, orc_0_dummy, kennysheep_nondescript
D:12:     layout_rooms, serial_shops, shop, nrook_guardian_serpent_ordinary,
          uniq_gastronok
D:13:     layout_stronghold, david_vaults_1, uniq_sonja
Lair:1:   layout_cave_pods, portal_ice_cave_entry_ice_beasts, st_stairs_10,
          minmay_lair_oklob_bushes, lemuel_fruit_tree, grunt_megastairs_1
Lair:2:   layout_hall_layers, beast_lair_carwin_1
Lair:3:   layout_chaotic_city, swamp_mist, spider_nest_entry_web_field
Lair:4:   layout_cave_pods, grunt_forest_stairs_clearing
Lair:5:   layout_cave_shapes, nicolae_slime_entry_slimehenge, uniq_snorg,
          uniq_josephine
Lair:6:   hangedman_lair_caniforms_friends, layout_hall_layers, wormcave,
          mumra_transporter_accident, serial_bayou_shore_b
Swamp:1:  layout_falls_marsh, evilmike_swamp_ruin_house_1
Swamp:2:  layout_basic_swamp, evilmike_swamp_ruin_house_3, swamp_pool3,
          infiniplex_staircase_pool_2, uniq_aizul
Orc:1:    layout_caves, uniq_fannar
Orc:2:    pubby_orc_utopia, serial_shops
Elf:1:    elf_arrival_002, layout_gridlike, serial_shops, shop,
          evilmike_minifort, minivault_16, nrook_uturn, uniq_asterion,
          uniq_frances
Elf:2:    layout_geoelf_diagonals, serial_shops, shop, uniq_azrael, uniq_agnes
Elf:3:    grunt_elf_hall_diamonds, layout_loops_ring, serial_shops, shop,
          drop_trap

Skill      XL: |  1  2  3  4  5  6  7  8  9 10 11 12 13 14 15 16 17 18 |
---------------+-------------------------------------------------------+-----
Fighting       | 4 5 6 7 8 9 11 12 14 15 16 18 | 18.8
Axes           | 4 5 6 7 8 10 11 13 14 16 18 19 20 21 | 21.9
Armour         | 3 4 5 7 9 10 11 12 13 14 15 | 15.8
Dodging        | 3 4 5 6 7 8 |  8.3
Shields        | 1 2 4 5 6 7 9 11 12 14 15 | 15.5
Stealth        | 1 2 |  2.5
Evocations     | 1 |  1.7

Action                   |  1- 3 |  4- 6 |  7- 9 | 10-12 | 13-15 | 16-18 || total
-------------------------+-------+-------+-------+-------+-------+-------++-------
Melee: Hand axe          |    48 |   157 |   331 |   418 |       |       ||   954
       Headbutt          |     7 |    19 |    71 |   173 |   198 |   176 ||   644
       Broad axe         |       |       |       |   195 |   810 |   695 ||  1700
Invok: Berserk           |     2 |     2 |     9 |    11 |    18 |     9 ||    51
       Brothers in Arms  |       |       |       |       |       |     3 ||     3
 Abil: Evoke Flight      |       |       |       |       |     2 |     3 ||     5
Evoke: Wand              |       |       |       |     3 |     2 |     5 ||    10
       Tin of tremorston |       |       |       |       |       |     1 ||     1
  Use: Scroll            |       |     8 |     1 |    13 |    10 |     8 ||    40
       Potion            |       |       |     1 |       |     2 |     5 ||     8
 Stab: Distracted        |       |       |       |       |     1 |       ||     1
Armor: Animal skin       |     5 |       |       |       |       |       ||     5
       Chain mail        |    19 |    93 |   147 |   244 |   312 |   194 ||  1009
       Ring mail         |     2 |       |       |       |       |       ||     2
       Fire dragon scale |       |       |       |       |    65 |       ||    65
Dodge: Dodged            |    22 |    58 |   138 |   216 |   295 |   127 ||   856
Block: Buckler           |       |    13 |    47 |   124 |    98 |       ||   282
       Tower shield      |       |       |       |       |   193 |   389 ||   582
       Kite shield       |       |       |       |       |   118 |   125 ||   243
       Reflection        |       |       |       |       |       |    44 ||    44

Table legend: (Time is in decaauts)
 A = Elapsed time spent in this place.
 B = Non-inter-level travel time spent in this place.
 C = Inter-level travel time spent in this place.
 D = Time resting spent in this place.
 E = Time spent auto-exploring this place.
 F = Levels seen in this place.
 G = Mean time per level.
                   A        B        C        D        E       F      G
               +--------+--------+--------+--------+--------+-----+--------+
         Total |  35537 |  35444 |     93 |  11695 |  14816 |  28 | 1269.2 |
       Dungeon |  12795 |  12795 |      0 |   2635 |   7320 |  13 |  984.2 |
          Lair |   7878 |   7825 |     53 |   2129 |   3821 |   6 | 1313.0 |
         Swamp |   1001 |   1001 |      0 |    279 |    508 |   2 |  500.5 |
  Orcish Mines |   3347 |   3347 |      0 |   1000 |   1071 |   2 | 1673.5 |
   Elven Halls |   7672 |   7632 |     40 |   3671 |   1939 |   3 | 2557.3 |
        Bailey |    840 |    840 |      0 |    532 |     99 |   1 |  840.0 |
      Ice Cave |   2002 |   2002 |      0 |   1447 |     56 |   1 | 2002.0 |
               +--------+--------+--------+--------+--------+-----+--------+

Top non-repeatable levels by time:
   Elf:2: 3405 daAuts
   Orc:2: 2359 daAuts
   Elf:3: 2286 daAuts
  Lair:6: 2179 daAuts
   IceCv: 2002 daAuts
   Elf:1: 1980 daAuts
    D:13: 1468 daAuts
  Lair:1: 1439 daAuts
     D:7: 1324 daAuts
  Lair:2: 1318 daAuts
  Lair:4: 1268 daAuts
     D:2: 1197 daAuts
     D:8: 1170 daAuts
     D:5: 1155 daAuts
    D:11: 1003 daAuts
